 Dungeon Crawl Stone Soup version 0.30-a0-760-g5a9884bb7c (webtiles) character file.

Game seed: 10428070102979739793

3837 Dittersdorf the Blocker (level 10, 0/65 HPs)
             Began as a Gargoyle Fighter on Feb 10, 2023.
             Was a High Priest of Okawaru.
             Slain by a yak (9 damage)
             ... on level 8 of the Dungeon.
             The game lasted 00:10:42 (7236 turns).

Dittersdorf the Blocker (Gargoyle Fighter)          Turns: 7236, Time: 00:10:42

Health: 0/65       AC: 21    Str: 23    XL:     10   Next: 18%
Magic:  10/10      EV:  8    Int: 10    God:    Okawaru [*****.]
Gold:   358        SH:  6    Dex:  9    Spells: 9/9 levels left

rFire   . . .      SeeInvis .    v - +0 eveningstar (holy)
rCold   . . .      Faith    .    c - +1 buckler
rNeg    + . .      Spirit   .    i - +0 chain mail
rPois   ∞          Reflect  .    (no helmet)
rElec   +          Harm     .    (no cloak)
rCorr   .          Rampage  .    g - +0 pair of gloves
Will    .....                    r - +0 pair of boots Stlth
                                 u - amulet of the acrobat
HPRegen 0.30/turn                j - ring of wizardry
MPRegen 0.12/turn                (no ring)

@: no status effects
A: sickness immunity, AC +7, negative energy resistance 1, electricity
resistance, torment resistance 1, petrification resistance
a: Renounce Religion, Heroism, Finesse, Duel


You were on level 8 of the Dungeon.
You worshipped Okawaru.
Okawaru was extremely pleased with you.
You visited 1 branch of the dungeon, and saw 8 of its levels.
You also visited: Sewer.

You collected 358 gold pieces.

Inventory:

Hand Weapons
 v - a +0 eveningstar of holy wrath (weapon)
Missiles
 k - 2 throwing nets
 q - 2 curare-tipped darts (quivered)
Armour
 c - a +1 buckler (worn)
 g - a +0 pair of gloves (worn)
 i - a +0 chain mail (worn)
 l - a +0 plate armour
 r - a +0 pair of boots (worn)
 w - a +0 cloak
Jewellery
 e - the ring of Xom's Flight of Fancy {Ice rPois Slay+2 Stlth+}
   (You found it on level 4 of the Dungeon)

   [ring of ice]

   It enhances your ice magic.
   Slay:      It affects your accuracy & damage with ranged weapons and melee
   (+2).
   rF:        It makes you vulnerable to fire.
   rC:        It protects you from cold.
   rPois:     It protects you from poison.
   Stlth:     It makes you more stealthy.
 j - a ring of wizardry (left hand)
 u - an amulet of the acrobat (around neck)
Wands
 a - a wand of acid (16)
Scrolls
 b - 2 scrolls of magic mapping
 s - a scroll of teleportation
Potions
 d - 3 potions of might
 f - 3 potions of flight {unknown}
 h - 4 potions of haste {unknown}
 m - 5 potions of brilliance
 n - 2 potions of invisibility
 o - 2 potions of heal wounds
 p - 2 potions of curing
 t - a potion of magic


   Skills:
 + Level 8.6 Fighting
 + Level 7.5 Maces & Flails
 + Level 8.5 Armour
 + Level 8.6 Shields


You had 9 spell levels left.
You didn't know any spells.
Your spell library contained the following spells:

 Spells                   Type           Power      Damage    Failure   Level
 Freeze                   Ice            0%         1d3       71%         1
 Magic Dart               Conj           0%         1d3       71%         1
 Slow                     Hex            0%         N/A       71%         1
 Lesser Beckoning         Tloc           0%         N/A       83%         2
 Confusing Touch          Hex            0%         N/A       96%         3
 Gell's Gravitas          Tloc           0%         N/A       96%         3
 Mephitic Cloud           Conj/Pois/Air  0%         N/A       96%         3
 Portal Projectile        Hex/Tloc       0%         N/A       96%         3
 Teleport Other           Tloc           0%         N/A       96%         3
 Vampiric Draining        Necr           0%         2d6       96%         3
 Anguish                  Hex/Necr       0%         N/A       100%        4
 Passage of Golubria      Tloc           0%         N/A       100%        4
 Blade Hands              Tmut           0%         N/A       100%        5
 Silence                  Hex/Air        0%         N/A       100%        5
 Lehudib's Crystal Spear  Conj/Erth      0%         10d2      100%        8
 Call Imp                 Summ           Unusable   N/A       N/A         2
 Sublimation of Blood     Necr           Unusable   N/A       N/A         2
 Tukima's Dance           Hex            Unusable   N/A       N/A         3
 Haunt                    Necr/Summ      Unusable   N/A       N/A         7

Dungeon Overview and Level Annotations

Branches:
Dungeon (8/15)             Temple (0/1) D:7           Sewer (visited)
   Lair: D:8-11

Altars:
Fedhas
Nemelex Xobeh
Okawaru
Trog
Uskayaw
Wu Jian
Zin

Shops:
D:6 (

Annotations:
D:4 3 runed translucent doors, elongatedgoose's ghost, novice TrFi
D:5 1 runed translucent door, AverageBear's ghost, novice DsFi
D:7 2 transporters, Aneyh's ghost, novice TeMo


Innate Abilities, Weirdness & Mutations

You are immune to sickness and miasma.
Your stone body is resilient. (AC +7)
You are immune to poison.
You resist negative energy. (rN+)
You are resistant to electric shocks. (rElec)
You are resistant to unholy torment.
You are immune to petrification.


Message History

The yak is severely wounded.
You block the yak's attack.
You closely miss the yak.
The yak is severely wounded.
The yak closely misses you.
You barely miss the yak.
The yak is severely wounded.
The yak gores you but does no damage.
You barely miss the yak.
The yak is severely wounded.
The yak gores you.
* * * LOW HITPOINT WARNING * * *
The yak gores you but does no damage.
You bludgeon the yak!!
You kill the yak!
Okawaru accepts your kill.
You can now enter into single combat with a foe.
Okawaru will now gift you equipment as you gain piety.
Okawaru grants you throwing weapons! Something appears at your feet!
You hit the yak.
The yak is lightly wounded.
The yak gores you!
* * * LOW HITPOINT WARNING * * *
You closely miss the yak.
The yak is lightly wounded.
The yak barely misses you.
You barely miss the yak.
The yak is lightly wounded.
The yak completely misses you.
You thump the yak!
The yak is heavily wounded.
You block the yak's attack.
You puncture the yak!
The yak is severely wounded.
You block the yak's attack.
You hit the yak.
The yak is almost dead.
The yak gores you but does no damage. The yak gores you!
You die...

# ##...##.....##........≈.... #
###........##.......≈≈≈... #
###......####....≈≈≈≈... #####
#.....## ##....≈≈≈≈≈.. ....#
#.....# ##....≈≈≈≈≈~.. ....#
###.#.###.Y....~≈≈≈... ....######
#.#....Y##.....≈....
....'....#####.####...#..........
....####........@Y...............
....# #############.....#######.
....# #########################
....# #.........##.............
....# #.........##.############
....# #.........##.# ##### #####
#.........##.# #....
#.........##'###### #....
#.................# #..|.


You could see a yak.

Vanquished Creatures
  A wyvern (D:7)
  6 yaks (D:8)
  A steam dragon (D:8)
  2 water moccasins (D:5)
  An orc warrior (D:5)
  3 sky beasts (D:7)
  An ice beast (D:6)
  A black bear (D:8)
  3 centaurs
  A phantom (D:4)
  2 kobold brigands
  5 bullfrogs
  Blork the orc (D:4)
  A necrophage (D:7)
  2 scorpions (D:6)
  6 wights
  3 orc priests
  5 hounds
  3 iguanas
  3 orc wizards
  A gnoll (D:1)
  6 adders
  2 shadow imps (D:7)
  2 white imps
  An ufetubus (D:5)
  2 worms (D:4)
  3 dart slugs
  19 orcs
  9 ball pythons
  3 bats
  5 endoplasms
  17 giant cockroaches
  5 goblins
  7 hobgoblins
  A jackal (D:3)
  12 quokkas
  8 frilled lizards
  14 kobolds
  6 rats
  A bush (D:7)
175 creatures vanquished.

Notes
Turn   | Place    | Note
-------+----------+-------------------------------------------
     0 | D:1      | Dittersdorf the Gargoyle Fighter began the quest for the
                  | Orb.
     0 | D:1      | Reached XP level 1. HP: 14/14 MP: 1/1
   107 | D:1      | Reached XP level 2. HP: 15/19 MP: 2/2
   446 | D:1      | Reached XP level 3. HP: 23/23 MP: 3/3
   938 | D:2      | Found an iron altar of Okawaru.
   946 | D:2      | Became a worshipper of Warmaster Okawaru
  1070 | D:2      | Found a faded altar of an unknown god.
  1406 | D:3      | Reached XP level 4. HP: 29/29 MP: 4/4
  1449 | D:3      | Found a glowing drain.
  1465 | Sewer    | Entered a sewer
  1790 | Sewer    | Noticed a bullfrog
  1801 | Sewer    | Killed a bullfrog
  1802 | Sewer    | Reached XP level 5. HP: 24/34 MP: 5/5
  1863 | Sewer    | Got the Discursus on Abhorrent Ceremonies and Frost
  1906 | D:3      | Reached XP level 6. HP: 14/39 MP: 6/6
  2253 | D:3      | Identified the +10 dagger of Gozag's Inspiration {venom,
                  | Will++ Str-5}
  2327 | D:3      | Reached * piety under Okawaru
  2983 | D:4      | Noticed Blork the orc
  2996 | D:4      | Killed Blork the orc
  2997 | D:4      | Reached skill level 5 in Fighting
  2997 | D:4      | Reached skill level 5 in Armour
  2997 | D:4      | Reached skill level 5 in Shields
  2997 | D:4      | Reached XP level 7. HP: 31/44 MP: 7/7
  3162 | D:4      | Identified the ring of Xom's Flight of Fancy {Ice rPois
                  | Slay+2 Stlth+}
  3437 | D:4      | Reached ** piety under Okawaru
  3481 | D:4      | Found a runed translucent gate.
  3482 | D:4      | Found a runed translucent gate.
  3482 | D:4      | Found a runed translucent gate.
  3484 | D:4      | Noticed elongatedgoose's ghost (novice TrFi)
  3718 | D:5      | Entered Level 5 of the Dungeon
  4082 | D:5      | Found a runed translucent door.
  4093 | D:5      | Noticed AverageBear's ghost (novice DsFi)
  4355 | D:5      | Reached XP level 8. HP: 41/51 MP: 8/8
  4509 | D:6      | Found Ilyomeup's Antique Weapon Shoppe.
  4549 | D:6      | Reached skill level 5 in Maces & Flails
  4598 | D:6      | Identified the +6 long sword of Dittersdorf's Woe {vamp,
                  | Str+4}
  4605 | D:6      | Reached *** piety under Okawaru
  4655 | D:6      | Found a glowing silver altar of Zin.
  4655 | D:6      | Found a sparkling altar of Nemelex Xobeh.
  5244 | D:7      | Found a staircase to the Ecumenical Temple.
  5274 | D:7      | Reached XP level 9. HP: 34/56 MP: 9/9
  5394 | D:7      | Reached **** piety under Okawaru
  5526 | D:7      | Found a transporter.
  5530 | D:7      | Found a transporter.
  5531 | D:7      | Found a bloodstained altar of Trog.
  5596 | D:7      | Found an iron altar of Okawaru.
  5610 | D:7      | Noticed a moth of wrath
  5610 | D:7      | Noticed a two-headed ogre
  5611 | D:7      | Noticed Aneyh's ghost (novice TeMo)
  5623 | D:7      | Identified a scroll of acquirement
  5623 | D:7      | Acquired a +0 eveningstar of holy wrath
  5913 | D:7      | Found a blossoming altar of Fedhas.
  5913 | D:7      | Found a hide-covered altar of Uskayaw.
  6886 | D:8      | Found an ornate altar of the Wu Jian Council.
  7208 | D:8      | Reached XP level 10. HP: 34/64 MP: 10/10
  7230 | D:8      | Reached ***** piety under Okawaru
  7230 | D:8      | Received a gift from Okawaru
  7236 | D:8      | Slain by a yak

Illustrated notes

Levels and vault maps discovered:
D:1:      eino_arrival_cavern_b, layout_rooms, serial_corexii_hall,
          corexii_hall_statues_t, chequers_hall_statues_corner_a
D:2:      layout_loops_cross, ebering_ecumenical_altar_rust, basic_altar,
          minivault_19, minmay_heptomino_h4
D:3:      wander_river, layout_rooms, gup_sewer_entry_pipe, wad_floor_pattern_1,
          grunt_ministairs_10, supply_closet_lemuel, kennysheep_generic_room_13
D:4:      layout_basic, ebering_ghost_rock_garden, uniq_blork_the_orc
D:5:      layout_loops_cross, ebering_ghost_sewer_d
D:6:      layout_rooms, grunt_temple_overflow_open, serial_shops, shop
D:7:      layout_basic, chequers_temple_overflow_statue_of_worship,
          okawaru_gym_becter, minmay_temple_entry_large_hall,
          gammafunk_ghost_wrathful_warriors, dreamdust_princess_corridor,
          st_stairs_9, hangedman_decor_diamond_cutter, kb_lookout_dungeons_type
D:8:      argonaut_augean_stables, layout_basic, mainiacjoe_overflow_brackets

Skill      XL: |  1  2  3  4  5  6  7  8  9 |
---------------+----------------------------+-----
Fighting       | 4 5 6 8 |  8.6
Armour         | 4 5 6 8 |  8.5
Shields        | 4 5 6 8 |  8.6
Maces & Flails | 3 4 5 7 |  7.5

Action                     |  1- 3 |  4- 6 |  7- 9 | 10-12 || total
---------------------------+-------+-------+-------+-------++-------
  Melee: Flail             |    89 |   245 |   283 |       ||   617
         Eveningstar       |       |       |   111 |    29 ||   140
    Use: Scroll            |     1 |    11 |     6 |       ||    18
 Armour: Scale mail        |    43 |   156 |    22 |       ||   221
         Chain mail        |       |       |   290 |    10 ||   300
  Dodge: Dodged            |    41 |   164 |   190 |     5 ||   400
  Block: Buckler           |    20 |    65 |   143 |     8 ||   236

Table legend: (Time is in decaauts)
 A = Elapsed time spent in this place.
 B = Non-inter-level travel time spent in this place.
 C = Inter-level travel time spent in this place.
 D = Time resting spent in this place.
 E = Time spent auto-exploring this place.
 F = Levels seen in this place.
 G = Mean time per level.
                   A        B        C        D        E       F      G
               +--------+--------+--------+--------+--------+-----+--------+
         Total |   7514 |   7121 |    393 |    974 |   4132 |   9 |  834.9 |
       Dungeon |   7018 |   6625 |    393 |    934 |   4116 |   8 |  877.2 |
         Sewer |    496 |    496 |      0 |     40 |     16 |   1 |  496.0 |
               +--------+--------+--------+--------+--------+-----+--------+

Top non-repeatable levels by time:
     D:7: 1133 daAuts
     D:3: 1112 daAuts
     D:5: 1035 daAuts
     D:4: 911 daAuts
     D:8: 903 daAuts
     D:2: 754 daAuts
     D:1: 649 daAuts
     D:6: 517 daAuts
   Sewer: 496 daAuts
